| TOP OF THE 1ST |
|
Toledo Mud Hens batting - Pitching for Round Rock Express : LHP Jordan Ruiz
|
|
Pitching: LHP Jordan Ruiz
|
|
|
Batting: RHB Brandon O'Malley
|
0-0: Ground out 4-3 (Groundball, 4, EV 83.1 MPH)
|
|
Batting: RHB Carlos Armenteros
|
0-0: Ball 1-0: Ball 2-0: Foul Ball, location: 2F 2-1: Foul Ball, location: 2F 2-2: Ball 3-2: Foul Ball, location: 2F 3-2: Ground out U3 (Groundball, 3, EV 103.8 MPH)
|
|
Batting: RHB Willis Morales
|
0-0: Called Strike 0-1: Swinging Strike 0-2: Strikes out looking
|
| Top of the 1st over - 0 runs, 0 hits, 0 errors, 0 left on base; Toledo 0 - Round Rock 0 |
| BOTTOM OF THE 1ST |
|
Round Rock Express batting - Pitching for Toledo Mud Hens : RHP Chris McCurdy
|
|
Pitching: RHP Chris McCurdy
|
|
|
Batting: RHB Jonathan Rangel
|
0-0: Ball 1-0: Foul Ball, location: 2F 1-1: Ball 2-1: Ball 3-1: Ground out U3 (Groundball, 13, EV 90.0 MPH)
|
|
Batting: RHB Masashi Yukizawa
|
0-0: Ball 1-0: Ball 2-0: Called Strike 2-1: SINGLE (Groundball, 4MD, EV 98.1 MPH)
|
|
Batting: RHB Doug Hammertime
|
0-0: Called Strike 0-1: Foul Ball, location: 2F 0-2: Strikes out swinging
|
|
Batting: RHB Ernie Weathersbee
|
0-0: Ball Masashi Yukizawa steals 2nd base 1-0: Fly out, F7 (Line Drive, 7, EV 105.6 MPH)
|
| Bottom of the 1st over - 0 runs, 1 hit, 0 errors, 1 left on base; Toledo 0 - Round Rock 0 |
| TOP OF THE 2ND |
|
Toledo Mud Hens batting - Pitching for Round Rock Express : LHP Jordan Ruiz
|
|
Batting: RHB John Evancho
|
0-0: Ball 1-0: Ball 2-0: Called Strike 2-1: Ball 3-1: Ground out 4-3 (Groundball, 4, EV 80.6 MPH)
|
|
Batting: RHB Adam MacConnell
|
0-0: Ball 1-0: Foul Ball, location: 2F 1-1: Ground out 4-3 (Groundball, 4, EV 81.2 MPH)
|
|
Batting: SHB Willie Medina
|
0-0: Called Strike 0-1: Swinging Strike 0-2: Ball 1-2: Foul Ball, location: 2F 1-2: Ball 2-2: Foul Ball, location: 2F 2-2: Foul Ball, location: 2F 2-2: Ball 3-2: Base on Balls
|
|
Batting: RHB Eric Garrett
|
0-0: Called Strike 0-1: Ground out 6-3 (Groundball, P, EV 86.2 MPH)
|
| Top of the 2nd over - 0 runs, 0 hits, 0 errors, 1 left on base; Toledo 0 - Round Rock 0 |
| BOTTOM OF THE 2ND |
|
Round Rock Express batting - Pitching for Toledo Mud Hens : RHP Chris McCurdy
|
|
Batting: RHB Noah Stanley
|
0-0: DOUBLE (Flyball, 89XD, EV 96.9 MPH)
|
|
Batting: RHB Ryan Kinkead
|
0-0: Ball 1-0: Ball 2-0: Called Strike 2-1: Fly out, F8 (Flyball, 8LXD, EV 103.1 MPH) Runner from 2nd tags up, SAFE at 3rd, no throw by CF
|
|
Batting: RHB Jarrod Joyce
|
0-0: Swinging Strike 0-1: Foul Ball, location: 2F 0-2: Ball 1-2: Ball 2-2: Strikes out swinging
|
|
Batting: RHB Adryão Anto
|
0-0: Ball 1-0: Reached on error, E1 (Groundball, 34S, EV 68.8 MPH) Noah Stanley scores
|
|
Batting: RHB Josh Ferguson
|
0-0: Called Strike 0-1: Fly out, F8 (Flyball, 8LXD, EV 104.4 MPH)
|
| Bottom of the 2nd over - 1 run, 1 hit, 1 error, 1 left on base; Toledo 0 - Round Rock 1 |
| TOP OF THE 3RD |
|
Toledo Mud Hens batting - Pitching for Round Rock Express : LHP Jordan Ruiz
|
|
Batting: RHB J.J. Basil
|
0-0: Ball 1-0: Fly out, F4 (Popup, 4M, EV 60.0 MPH)
|
|
Batting: SHB Scott Bartholomew
|
0-0: Foul Ball, location: 2F 0-1: Called Strike 0-2: Foul Ball, location: 2F 0-2: Ball 1-2: Strikes out swinging
|
|
Batting: RHB Brandon O'Malley
|
0-0: DOUBLE (Groundball, 5L, EV 102.5 MPH)
|
|
Batting: RHB Carlos Armenteros
|
0-0: Called Strike 0-1: Ball 1-1: Foul Ball, location: 2F 1-2: Foul Ball, location: 2F 1-2: Ball 2-2: Ball 3-2: Strikes out swinging
|
| Top of the 3rd over - 0 runs, 1 hit, 0 errors, 1 left on base; Toledo 0 - Round Rock 1 |
| BOTTOM OF THE 3RD |
|
Round Rock Express batting - Pitching for Toledo Mud Hens : RHP Chris McCurdy
|
|
Batting: RHB Jonathan Rangel
|
0-0: Called Strike 0-1: Swinging Strike 0-2: Ball 1-2: Foul Ball, location: 2F 1-2: Ball 2-2: Fly out, F9 (Flyball, 9LM, EV 95.0 MPH)
|
|
Batting: RHB Masashi Yukizawa
|
0-0: Swinging Strike 0-1: Swinging Strike 0-2: Strikes out swinging
|
|
Batting: RHB Doug Hammertime
|
0-0: Foul Ball, location: 2F 0-1: Ball 1-1: Ball 2-1: Ball 3-1: Foul Ball, location: 2F 3-2: SINGLE (Groundball, 5S, EV 68.1 MPH) (infield hit)
|
|
Batting: RHB Ernie Weathersbee
|
0-0: Called Strike 0-1: Ball 1-1: Ball 2-1: TRIPLE (Flyball, 89XD, EV 91.9 MPH) Doug Hammertime scores
|
|
Batting: RHB Noah Stanley
|
0-0: Ball 1-0: Ground out 1-3 (Groundball, 15S, EV 71.2 MPH)
|
| Bottom of the 3rd over - 1 run, 2 hits, 0 errors, 1 left on base; Toledo 0 - Round Rock 2 |
| TOP OF THE 4TH |
|
Toledo Mud Hens batting - Pitching for Round Rock Express : LHP Jordan Ruiz
|
|
Batting: RHB Willis Morales
|
0-0: Ball 1-0: Swinging Strike 1-1: Fly out, F3 (Popup, 3D, EV 77.5 MPH)
|
|
Batting: RHB John Evancho
|
0-0: Ball 1-0: SINGLE (Line Drive, 7S, EV 85.0 MPH)
|
|
Batting: RHB Adam MacConnell
|
0-0: Called Strike 0-1: Called Strike 0-2: Ball 1-2: Foul Ball, location: 2F 1-2: Grounds into double play, 4-6-3 (Groundball, 34, EV 85.6 MPH)
|
| Top of the 4th over - 0 runs, 1 hit, 0 errors, 0 left on base; Toledo 0 - Round Rock 2 |
| BOTTOM OF THE 4TH |
|
Round Rock Express batting - Pitching for Toledo Mud Hens : RHP Chris McCurdy
|
|
Batting: RHB Ryan Kinkead
|
0-0: Called Strike 0-1: Ball 1-1: Fly out, F9 (Line Drive, 9, EV 96.9 MPH)
|
|
Batting: RHB Jarrod Joyce
|
0-0: Ball 1-0: Foul Ball, location: 2F 1-1: Foul Ball, location: 2F 1-2: Ball 2-2: Strikes out looking
|
|
Batting: RHB Adryão Anto
|
0-0: Called Strike 0-1: Ground out 4-3 (Groundball, 4, EV 105.0 MPH)
|
| Bottom of the 4th over - 0 runs, 0 hits, 0 errors, 0 left on base; Toledo 0 - Round Rock 2 |
| TOP OF THE 5TH |
|
Toledo Mud Hens batting - Pitching for Round Rock Express : LHP Jordan Ruiz
|
|
Batting: SHB Willie Medina
|
0-0: Ball 1-0: Swinging Strike 1-1: Called Strike 1-2: Strikes out swinging
|
|
Batting: RHB Eric Garrett
|
0-0: Ball 1-0: Ground out 5-3 (Groundball, 56, EV 76.2 MPH)
|
|
Batting: RHB J.J. Basil
|
0-0: Ground out 6-3 (Groundball, 6MD, EV 97.5 MPH)
|
| Top of the 5th over - 0 runs, 0 hits, 0 errors, 0 left on base; Toledo 0 - Round Rock 2 |
| BOTTOM OF THE 5TH |
|
Round Rock Express batting - Pitching for Toledo Mud Hens : RHP Chris McCurdy
|
|
Batting: RHB Josh Ferguson
|
0-0: Called Strike 0-1: SINGLE (Groundball, 6D, EV 107.5 MPH)
|
|
Batting: RHB Jonathan Rangel
|
0-0: Foul Ball, location: 2F 0-1: Ball 1-1: Foul Ball, location: 2F 1-2: Foul Ball, location: 2F 1-2: Ball 2-2: Ball 3-2: SINGLE (Groundball, 6MD, EV 104.4 MPH) Josh Ferguson to second
|
|
Batting: RHB Masashi Yukizawa
|
0-0: Ball 1-0: Called Strike 1-1: Ball 2-1: Swinging Strike 2-2: Foul Ball, location: 2F 2-2: Foul Ball, location: 2F 2-2: Fielders Choice at 2nd, 6-4 (Groundball, 6, EV 88.8 MPH) Josh Ferguson to third
|
|
Batting: RHB Doug Hammertime
|
0-0: Swinging Strike 0-1: Ball Masashi Yukizawa steals 2nd base 1-1: Foul Ball, location: 2F 1-2: Strikes out swinging
|
|
Batting: RHB Ernie Weathersbee
|
0-0: Ball 1-0: Fly out, F4 (Popup, 4, EV 78.8 MPH)
|
| Bottom of the 5th over - 0 runs, 2 hits, 0 errors, 2 left on base; Toledo 0 - Round Rock 2 |
| TOP OF THE 6TH |
|
Toledo Mud Hens batting - Pitching for Round Rock Express : LHP Jordan Ruiz
|
|
Batting: SHB Scott Bartholomew
|
0-0: Called Strike 0-1: Foul Ball, location: 2F 0-2: Ball 1-2: Ball 2-2: Ball 3-2: SINGLE (Groundball, 6D, EV 104.4 MPH)
|
|
Batting: RHB Brandon O'Malley
|
0-0: Ball 1-0: SINGLE (Groundball, 34D, EV 95.6 MPH) Scott Bartholomew to second Runner from 2nd tries for 3rd, SAFE, throw by RF made to third
|
|
Batting: RHB Carlos Armenteros
|
0-0: Ball 1-0: Swinging Strike 1-1: Called Strike 1-2: Ball 2-2: Strikes out swinging
|
|
Batting: RHB Willis Morales
|
0-0: Ball 1-0: Swinging Strike 1-1: Ball 2-1: Ball Brandon O'Malley is caught stealing 2nd base 2-4 3-1: Ground out 4-3 (Groundball, 34, EV 76.2 MPH)
|
| Top of the 6th over - 0 runs, 2 hits, 0 errors, 1 left on base; Toledo 0 - Round Rock 2 |
| BOTTOM OF THE 6TH |
|
Round Rock Express batting - Pitching for Toledo Mud Hens : RHP Chris McCurdy
|
|
Batting: RHB Noah Stanley
|
0-0: Foul Ball, location: 2F 0-1: Ground out 2-3 (Groundball, 15S, EV 63.8 MPH)
|
|
Batting: RHB Ryan Kinkead
|
0-0: Swinging Strike 0-1: Ball 1-1: Ball 2-1: SINGLE (Groundball, 25, EV 65.6 MPH) (infield hit)
|
|
Batting: RHB Jarrod Joyce
|
0-0: Ball Wild Pitch! Ryan Kinkead to second 1-0: SINGLE (Line Drive, 6MD, EV 93.8 MPH) Ryan Kinkead to third
|
|
Batting: RHB Adryão Anto
|
0-0: Called Strike 0-1: Ball 1-1: Ball 2-1: Foul Ball, location: 2F 2-2: Ball 3-2: Base on Balls Jarrod Joyce to second
|
|
Batting: RHB Josh Ferguson
|
0-0: Grounds into double play, 6-4-3 (Groundball, 6, EV 102.5 MPH)
|
| Bottom of the 6th over - 0 runs, 2 hits, 0 errors, 2 left on base; Toledo 0 - Round Rock 2 |
| TOP OF THE 7TH |
|
Toledo Mud Hens batting - Pitching for Round Rock Express : LHP Jordan Ruiz
|
|
Batting: RHB John Evancho
|
0-0: Foul Ball, location: 2F 0-1: Ball 1-1: Ground out U3 (Groundball, 3, EV 79.4 MPH)
|
|
Batting: RHB Adam MacConnell
|
0-0: Swinging Strike 0-1: Ball 1-1: Swinging Strike 1-2: Foul Ball, location: 2F 1-2: Strikes out looking
|
|
Batting: SHB Willie Medina
|
0-0: Foul Ball, location: 2F 0-1: Swinging Strike 0-2: Ball 1-2: Ball 2-2: Ball 3-2: Ground out 6-3 (Groundball, 6, EV 80.0 MPH)
|
| Top of the 7th over - 0 runs, 0 hits, 0 errors, 0 left on base; Toledo 0 - Round Rock 2 |
| BOTTOM OF THE 7TH |
|
Round Rock Express batting - Pitching for Toledo Mud Hens : RHP Chris McCurdy
|
|
Batting: RHB Jonathan Rangel
|
0-0: Ball 1-0: Called Strike 1-1: Foul Ball, location: 2F 1-2: Ball 2-2: Foul Ball, location: 2F 2-2: SINGLE (Line Drive, 56D, EV 100.6 MPH)
|
|
Pitching: LHP Jesse Turner
|
|
|
Batting: RHB Masashi Yukizawa
|
0-0: Bunted foul 0-1: Sac Bunt to P - play at first, batter OUT! 1-3 Jonathan Rangel to second
|
|
Batting: RHB Doug Hammertime
|
0-0: Intentional Walk
|
|
Batting: RHB Ernie Weathersbee
|
0-0: Called Strike 0-1: Ball 1-1: Fly out, F9 (Flyball, 89S, EV 92.5 MPH)
|
|
Batting: RHB Noah Stanley
|
0-0: Foul Ball, location: 2F 0-1: Called Strike 0-2: Ball 1-2: Foul Ball, location: 2F 1-2: Strikes out swinging
|
| Bottom of the 7th over - 0 runs, 1 hit, 0 errors, 2 left on base; Toledo 0 - Round Rock 2 |
| TOP OF THE 8TH |
|
Toledo Mud Hens batting - Pitching for Round Rock Express : LHP Jordan Ruiz
|
|
Batting: RHB Eric Garrett
|
0-0: Called Strike 0-1: Called Strike 0-2: Ball 1-2: Strikes out looking
|
|
Batting: RHB J.J. Basil
|
0-0: Ball 1-0: Ball 2-0: DOUBLE (Line Drive, 9LS, EV 106.9 MPH)
|
|
Batting: SHB Scott Bartholomew
|
0-0: Called Strike 0-1: Swinging Strike 0-2: Foul Ball, location: 2F 0-2: Foul Ball, location: 2F 0-2: Ball 1-2: Foul Ball, location: 2F 1-2: Strikes out swinging
|
|
Pitching: LHP Matt Walton
|
|
|
Batting: RHB Brandon O'Malley
|
0-0: Ball 1-0: Ground out 5-3 (Groundball, 25, EV 87.5 MPH)
|
| Top of the 8th over - 0 runs, 1 hit, 0 errors, 1 left on base; Toledo 0 - Round Rock 2 |
| BOTTOM OF THE 8TH |
|
Round Rock Express batting - Pitching for Toledo Mud Hens : LHP Jesse Turner
|
|
Batting: RHB Ryan Kinkead
|
0-0: Called Strike 0-1: DOUBLE (Line Drive, 9LM, EV 87.5 MPH)
|
|
Batting: RHB Jarrod Joyce
|
0-0: Intentional Walk
|
|
Batting: RHB Adryão Anto
|
0-0: Ball 1-0: SINGLE (Groundball, 6MD, EV 95.6 MPH) Ryan Kinkead to third Jarrod Joyce to second
|
|
Batting: RHB Josh Ferguson
|
0-0: Ball 1-0: Ball 2-0: Ball 3-0: Swinging Strike 3-1: Called Strike 3-2: Base on Balls Ryan Kinkead scores Jarrod Joyce to third Adryão Anto to second
|
|
Batting: RHB Jonathan Rangel
|
0-0: Ball 1-0: Ball 2-0: Foul Ball, location: 2F 2-1: Swinging Strike 2-2: Foul Ball, location: 2F 2-2: Ball 3-2: Base on Balls Jarrod Joyce scores Adryão Anto to third Josh Ferguson to second
|
|
Batting: RHB Masashi Yukizawa
|
0-0: Called Strike 0-1: Ball 1-1: Called Strike 1-2: Ball 2-2: Ball 3-2: Grounds into double play, 5-4-3 (Groundball, 56S, EV 78.1 MPH) Adryão Anto scores Josh Ferguson to third
|
|
Pitching: RHP Nate Mull
|
|
|
Batting: RHB Doug Hammertime
|
0-0: Foul Ball, location: 2F 0-1: Ball 1-1: Called Strike 1-2: Ball Wild Pitch! Josh Ferguson scores 2-2: Ball 3-2: Foul Ball, location: 2F 3-2: Base on Balls
|
|
Batting: RHB Ernie Weathersbee
|
0-0: Ball 1-0: Fielders Choice at 2nd, 6-4 (Groundball, 56, EV 81.2 MPH)
|
| Bottom of the 8th over - 4 runs, 2 hits, 0 errors, 1 left on base; Toledo 0 - Round Rock 6 |
| TOP OF THE 9TH |
|
Toledo Mud Hens batting - Pitching for Round Rock Express : LHP Matt Walton
|
|
Batting: RHB Carlos Armenteros
|
0-0: Swinging Strike 0-1: Ball 1-1: Called Strike 1-2: Strikes out swinging
|
|
Batting: RHB Willis Morales
|
0-0: Swinging Strike 0-1: Ground out 6-3 (Groundball, 6, EV 101.2 MPH)
|
|
Batting: RHB John Evancho
|
0-0: Ball 1-0: Foul Ball, location: 2F 1-1: Swinging Strike 1-2: Ball 2-2: SINGLE (Groundball, 56S, EV 70.0 MPH) (infield hit)
|
|
Batting: RHB Adam MacConnell
|
0-0: Swinging Strike 0-1: Foul Ball, location: 2F 0-2: Ball 1-2: Ball 2-2: SINGLE (Groundball, 34D, EV 109.4 MPH) John Evancho to second
|
|
Batting: SHB Willie Medina
|
0-0: Ball 1-0: Foul Ball, location: 2F 1-1: Ground out 6-3 (Groundball, P, EV 87.5 MPH)
|
| Top of the 9th over - 0 runs, 2 hits, 0 errors, 2 left on base; Toledo 0 - Round Rock 6 |
|